 Dungeon Crawl Stone Soup version 0.16-b1 (console) character file.

581 Tolias the Cleaver (level 7, -6/91 HPs)
             Began as a Deep Dwarf Berserker on Mar 11, 2015.
             Was an Elder of Trog.
             Mangled by an ogre
             ... wielding a +0 giant spiked club
              (18 damage)
             ... on level 4 of the Dungeon.
             The game lasted 00:20:10 (2829 turns).

Tolias the Cleaver (Deep Dwarf Berserker)           Turns: 2829, Time: 00:20:10

Health: -6/91      AC: 10    Str: 25    XL:     7   Next: 14%
Magic:  5/5        EV:  9    Int:  8    God:    Trog [****..]
Gold:   157        SH:  0    Dex: 14    Spells: 0 memorised, 6 levels left

rFire  . . .     SeeInvis .     a - +1 hand axe
rCold  . . .     Clarity  +     t - +0 chain mail
rNeg   . . .     SustAb   .     (no shield)
rPois  .         Gourm    .     (no helmet)
rElec  .         Spirit   .     (no cloak)
rCorr  .         Warding  .     (no gloves)
rMut   .         Stasis   .     h - +1 pair of boots
MR     +....                    j - amulet of clarity
Stlth  ..........               (no ring)
                                r - ring of stealth

@: berserking, non-regenerating, very quick, somewhat resistant to hostile
enchantments, extremely unstealthy
A: damage resistance, recharge devices, sense surroundings 1, slow healing 3
a: Device Recharging, Burn Spellbooks, Berserk, Trog's Hand, Brothers in Arms,
Renounce Religion


You were on level 4 of the Dungeon.
You worshipped Trog.
Trog was greatly pleased with you.
You were not hungry.

You visited 1 branch of the dungeon, and saw 4 of its levels.

You collected 157 gold pieces.

Inventory:

Hand weapons
 a - a +1 hand axe (weapon)
 q - a +0 antimagic flail
Missiles
 p - 8 tomahawks (quivered)
Armour
 b - a +0 animal skin
 h - a +1 pair of boots (worn)
 k - a -1 leather armour
 o - a +0 scale mail
 s - a +0 ring mail
 t - a +0 chain mail (worn)
 v - a +0 shield
Jewellery
 j - an amulet of clarity (around neck)
 r - a ring of stealth (left hand)
Magical devices
 c - a wand of heal wounds (6)
Scrolls
 m - a scroll of teleportation
Potions
 e - a potion of restore abilities {unknown}
 f - 2 potions of haste
 g - 2 potions of curing
 l - a potion of brilliance {unknown}
 n - 2 potions of might
 u - a potion of mutation {unknown}
Comestibles
 d - 2 bread rations
 i - 2 meat rations


   Skills:
 - Level 2.9 Fighting
 + Level 8.7 Axes
 + Level 2.4 Armour
 - Level 2.5 Dodging


You had 6 spell levels left.
You didn't know any spells.

Dungeon Overview and Level Annotations

Branches:
Dungeon (4/15)
 Temple: D:4-7

Altars:
Ashenzari
Elyvilon
Kikubaaqudgha
The Shining One


Innate Abilities, Weirdness & Mutations

You are resistant to damage.
You can recharge devices by infusing magical energy.
You passively map a small area around you.
You do not heal naturally.


Message History

You hit the ogre.
The ogre is heavily wounded.
The ogre hits you with a giant spiked club!
* * * LOW HITPOINT WARNING * * *
You are too injured to fight recklessly!
You are too injured to fight recklessly!
Use which ability? (? or * to list)
A red film seems to cover your vision as you go berserk!
You feel yourself moving faster!
You feel mighty!
You feel quite a bit more hungry.
The ogre hits you with a giant spiked club!
* * * LOW HITPOINT WARNING * * *
You closely miss the ogre.
The ogre is heavily wounded.
You hit the ogre.
The ogre is heavily wounded.
You hit the ogre.
The ogre is severely wounded.
The ogre hits you with a giant spiked club!!
You die...

.#.###...#8...'..###
...#.....##_.♣#....#
.###.#.##.#.####.#.###########
.......#########.#...........#
.###...# #...[.........####.#
.).....# #>........###.# #.#
.###...####.........# #.# #.#
................O...###.# #.#
.####.#.###.....@.......# #.#
## #.#.# #.......#.########.#
# #.#.# #.......#..........#
#.#.# ####.##.############ ###
#.#.# #.##.# ..# #.#.# #.##.#
#># #.#.# #.##.#
#.###.#.######.##.#
#>......)......##.#


You could see an ogre.

Vanquished Creatures
  Edmund (D:4)
  A sky beast (D:3)
  Sigmund (D:3)
  The ghost of BLOAX the Insei, a weakling GrTm (D:3)
  A centaur skeleton (D:4)
  An orc wizard (D:3)
  Terence (D:3)
  A worker ant zombie (D:3)
  5 adders
  A giant mite (D:4)
  3 worms (D:3)
  An adder skeleton (D:4)
  10 orcs
  4 giant cockroaches
  7 hobgoblins
  11 jackals
  5 ball pythons
  11 bats
  3 giant geckos
  9 giant newts
  7 goblins
  7 kobolds
  7 rats
99 creatures vanquished.

Notes
Turn   | Place    | Note
--------------------------------------------------------------
     0 | D:1      | Tolias, the Deep Dwarf Berserker, began the quest for the Orb.
     0 | D:1      | Reached XP level 1. HP: 20/20 MP: 1/1
   264 | D:1      | Reached XP level 2. HP: 25/27 MP: 2/2
   418 | D:1      | Acquired Trog's second power
   422 | D:1      | Found a shattered altar of Ashenzari.
   758 | D:2      | Reached skill level 4 in Axes
   800 | D:2      | Reached XP level 3. HP: 18/33 MP: 3/3
  1332 | D:2      | Reached XP level 4. HP: 14/40 MP: 4/4
  1434 | D:3      | Noticed a sky beast
  1435 | D:3      | Noticed Terence
  1441 | D:3      | Reached skill level 5 in Axes
  1442 | D:3      | Noticed Sigmund
  1450 | D:3      | Killed a sky beast
  1450 | D:3      | Reached skill level 6 in Axes
  1450 | D:3      | Reached XP level 5. HP: 30/48 MP: 5/5
  1457 | D:3      | Killed Sigmund
  1458 | D:3      | Killed Terence
  1458 | D:3      | Reached skill level 7 in Axes
  1500 | D:3      | Reached XP level 6. HP: 38/55 MP: 6/6
  1601 | D:3      | Noticed BLOAX's ghost (weakling GrTm)
  1606 | D:3      | Killed BLOAX's ghost
  1739 | D:3      | Acquired Trog's third power
  2166 | D:4      | Found a glowing golden altar of the Shining One.
  2166 | D:4      | Found an ancient bone altar of Kikubaaqudgha.
  2241 | D:4      | Reached skill level 8 in Axes
  2366 | D:4      | Found a white marble altar of Elyvilon.
  2474 | D:4      | Noticed Edmund
  2528 | D:4      | Killed Edmund
  2528 | D:4      | Reached XP level 7. HP: 41/61 MP: 6/6
  2829 | D:4      | Mangled by an ogre

Action                   |  1- 3 |  4- 6 |  7- 9 || total
-------------------------+-------+-------+-------++-------
Melee: Hand axe          |   127 |   200 |     9 ||   336
Invok: Berserk           |     1 |     3 |     1 ||     5
 Abil: Device Recharging |       |     1 |     1 ||     2
Evoke: Wand              |     1 |     4 |       ||     5
  Use: Scroll            |     3 |     4 |     1 ||     8
 Stab: Sleeping          |     1 |     2 |       ||     3
  Eat: Bread ration      |     1 |       |     1 ||     2
       Chunk             |       |     2 |       ||     2
       Royal jelly       |       |     1 |       ||     1
